 Dungeon Crawl Stone Soup version 0.21.1-1-g345015f (webtiles) character file.

896 letownia2 the Magician (level 8, 48/48 HPs)
             Began as a Gargoyle Venom Mage on Feb 14, 2018.
             Quit the game on level 5 of the Dungeon.
             The game lasted 00:13:21 (2122 turns).

letownia2 the Magician (Gargoyle Venom Mage)        Turns: 2122, Time: 00:13:21

Health: 48/48      AC:  8    Str: 12    XL:     8   Next: 7%
Magic:  16/16      EV: 12    Int: 18    God:
Gold:   223        SH:  0    Dex:  8    Spells: 11/17 levels left

rFire    . . .     SeeInvis .   d - -1 mace (curse)
rCold    . . .     Gourm    .   (no shield)
rNeg     + . .     Faith    .   a - +0 robe
rPois    ∞         Spirit   .   (no helmet)
rElec    +         Reflect  .   (no cloak)
rCorr    .         Harm     .   t - +0 pair of gloves (curse)
MR       .....                  (no boots)
Stlth    ++........             (no amulet)
HPRegen  0.16/turn              r - -2 ring of dexterity (curse)
MPRegen  0.15/turn              (no ring)

@: no status effects
A: negative energy resistance 1, electricity resistance, unbreathing,
petrification resistance, rot immunity, AC +5
a: no special abilities


You were on level 5 of the Dungeon.
You were not hungry.

You visited 1 branch of the dungeon, and saw 5 of its levels.

You collected 223 gold pieces.

Inventory:

Hand Weapons
 d - a cursed -1 mace (weapon)
 g - a +0 dagger
 j - a +0 spear
 n - a +0 whip
 q - a +0 club
Missiles
 p - 2 throwing nets (quivered)
 u - 4 tomahawks
 w - 3 javelins
Armour
 a - a +0 robe (worn)
 o - a +0 ring mail
 t - a cursed +0 pair of gloves (worn)
Jewellery
 r - a cursed -2 ring of dexterity (left hand)
Scrolls
 f - a scroll of amnesia {unknown}
 l - a scroll of enchant weapon {unknown}
 m - 3 scrolls of fog {unknown}
 s - 5 scrolls of identify {unknown}
 x - a scroll of magic mapping {unknown}
 y - a scroll of enchant armour {unknown}
 A - 3 scrolls of teleportation {unknown}
Potions
 e - 3 potions of curing {unknown}
 h - a potion of flight {unknown}
 i - 2 potions of heal wounds {unknown}
 k - 2 potions of might {unknown}
 v - a potion of lignification {unknown}
 z - a potion of ambrosia {unknown}
Books
 b - a Young Poisoner's Handbook

   Spells                             Type                      Level
   a - Sting                          Conjuration/Poison           1
   b - Poisonous Vapours              Poison/Air                   2
   c - Mephitic Cloud                 Conjuration/Poison/Air       3
   d - Olgreb's Toxic Radiance        Poison                       4
   e - Venom Bolt                     Conjuration/Poison           5
Comestibles
 c - 7 rations


   Skills:
 + Level 3.7 Fighting
 - Level 1.5 Dodging
 - Level 2.1 Stealth
 * Level 5.3 Spellcasting
 + Level 5.1 Conjurations
 - Level 1.5 Air Magic
 - Level 4.0 Poison Magic


You had 11 spell levels left.
You knew the following spells:

 Your Spells              Type           Power        Failure   Level  Hunger
a - Sting                 Conj/Pois      ###.         1%          1    None
e - Mephitic Cloud        Conj/Pois/Air  ###.....     9%          3    ##.....
v - Poisonous Vapours     Pois/Air       ##....       6%          2    #......


Dungeon Overview and Level Annotations

Branches:
Dungeon (5/15)
 Temple: D:4-7

Altars:
Elyvilon
Ru
Zin
The Shining One


Innate Abilities, Weirdness & Mutations

You are resistant to torment.
Your stone body is resilient. (AC +5)
You are immune to poison.
You resist negative energy. (rN+)
You are resistant to electric shocks. (rElec)
You can survive without breathing.
You are immune to petrification.
You are immune to rotting.


Message History

The frilled lizard is poisoned.
You kill the frilled lizard!
Found a stone staircase leading down.
There is a stone staircase leading down here.
Found a fizzy inky potion.
Put on which piece of jewellery? (? for menu, Esc to quit)
Okay, then.
Found a flail.
Found 19 stones.
Found a metallic cyan potion.
You see here a flail.
You see here 19 stones.
z - a metallic cyan potion You open the door.
The crimson imp shouts!
There is an open door here.
The crimson imp blinks!
There is an open door here.
The crimson imp blinks!
Are you sure you want to abandon this character and quit the game? (Confirm with "yes".)

#.........# #..##
#### #####.#####
#..## # #.........#
#.... # #.###.###.#
##'## # #.# #.#
#...## # ###)###.#
#.....# #.#
#....##.###.......
#..
#.#...#.##§.......
##.
#...(..@Y'........
....
.#.#...#.##........
###.
#.........###.......
## ###.#######
#.....# # #. #.....
# #..## ..# ..


You could see an ice beast.

Vanquished Creatures
  A hippogriff (D:5)
  2 ogres
  A big kobold (D:5)
  3 scorpions (D:4)
  A howler monkey (D:5)
  A centaur zombie (D:5)
  A bullfrog skeleton (D:5)
  2 hounds
  2 worker ants (D:5)
  Natasha (D:2)
  A hound zombie (D:5)
  A hound skeleton (D:4)
  A gnoll (D:1)
  3 adders
  An ooze (D:4)
  An adder zombie (D:5)
  An adder skeleton (D:4)
  A worm (D:4)
  2 dart slugs
  3 leopard geckos
  3 orcs
  A giant cockroach (D:1)
  3 goblins (D:1)
  A hobgoblin (D:1)
  3 jackals (D:3)
  8 kobolds
  A quokka (D:5)
  4 bats
  4 frilled lizards
  A rat (D:1)
59 creatures vanquished.

Notes
Turn   | Place    | Note
-------+----------+-------------------------------------------
     0 | D:1      | letownia2 the Gargoyle Venom Mage began the quest for the Orb.
     0 | D:1      | Reached XP level 1. HP: 10/10 MP: 3/3
    64 | D:1      | Reached XP level 2. HP: 15/15 MP: 1/5
   105 | D:2      | Noticed Natasha
   180 | D:1      | Learned a level 2 spell: Poisonous Vapours
   270 | D:1      | Reached XP level 3. HP: 11/19 MP: 1/6
   573 | D:3      | Learned a level 3 spell: Mephitic Cloud
   630 | D:2      | Killed Natasha
   630 | D:2      | Reached skill level 1 in Air Magic
   630 | D:2      | Reached XP level 4. HP: 6/24 MP: 0/7
   903 | D:3      | Found a sacrificial altar of Ru.
   920 | D:4      | Noticed an ogre
   929 | D:4      | Reached XP level 5. HP: 13/28 MP: 1/8
   971 | D:4      | Killed an ogre
   971 | D:4      | Reached skill level 1 in Fighting
   971 | D:4      | Reached XP level 6. HP: 19/34 MP: 0/10
  1102 | D:4      | Found a glowing golden altar of the Shining One.
  1102 | D:4      | Found a white marble altar of Elyvilon.
  1102 | D:4      | Found a glowing silver altar of Zin.
  1288 | D:4      | Noticed a phantom
  1351 | D:5      | Entered Level 5 of the Dungeon
  1561 | D:4      | Reached XP level 7. HP: 40/40 MP: 0/13
  1744 | D:5      | Noticed a hippogriff
  1762 | D:5      | Killed a hippogriff
  1784 | D:5      | Reached skill level 5 in Spellcasting
  1784 | D:5      | Reached skill level 5 in Conjurations
  1971 | D:5      | Reached XP level 8. HP: 48/48 MP: 5/15
  2122 | D:5      | Quit the game

Skill      XL: |  1  2  3  4  5  6  7 |
---------------+----------------------+-----
Conjurations   | 2 3 4 5 |  5.1
Air Magic      | 1 |  1.5
Fighting       | 1 2 3 |  3.7
Spellcasting   | 3 4 5 |  5.3
Poison Magic   | 4 |  4.0
Dodging        | |  1.5
Stealth        | |  2.1

Action                   |  1- 3 |  4- 6 |  7- 9 || total
-------------------------+-------+-------+-------++-------
Melee: Mace              |    26 |    47 |    40 ||   113
 Cast: Sting             |    44 |    18 |       ||    62
       Poisonous Vapours |     1 |    21 |    15 ||    37
       Mephitic Cloud    |       |       |     1 ||     1
 Stab: Sleeping          |     1 |       |       ||     1
  Eat: Chunk             |       |     4 |     2 ||     6
Armor: Robe              |    16 |    31 |    35 ||    82
Dodge: Dodged            |    28 |    74 |    58 ||   160
